 Dungeon Crawl Stone Soup version 0.30-a0-986-g7f2e898f52 (webtiles) character file.

Game seed: 15213874385139786455

53 Zonian the Ruffian (level 3, -2/19 HPs)
             Began as a Vine Stalker Gladiator on Apr 1, 2023.
             Slain by a sleepcap (4 damage)
             ... on level 2 of the Dungeon.
             The game lasted 00:01:52 (1014 turns).

Zonian the Ruffian (Vine Stalker Gladiator)         Turns: 1014, Time: 00:01:53

Health: -2/19      AC:  6    Str: 18    XL:     3   Next: 87%
Magic:  0/4        EV: 12    Int:  8    God:
Gold:   79         SH:  0    Dex: 15    Spells: 2/2 levels left

rFire   . . .      SeeInvis .      - Unarmed
rCold   . . .      Faith    .    (no shield)
rNeg    . . .      Spirit   +    a - +0 leather armour
rPois   .          Reflect  .    b - +0 helmet
rElec   .          Rampage  .    h - +0 cloak
rCorr   .                        g - +0 pair of gloves
Will    .....                    (no boots)
Stlth   +                        (no amulet)
HPRegen 0.23/turn                j - ring of flight
MPRegen 0.09/turn                (no ring)

@: flying
A: fangs 2, magic shield, antimagic bite, no potion heal 2
a: no special abilities


You were on level 2 of the Dungeon.
You visited 1 branch of the dungeon, and saw 2 of its levels.

You collected 79 gold pieces.

Inventory:

Missiles
 c - 3 throwing nets (quivered)
 d - a javelin
Armour
 a - a +0 leather armour (worn)
 b - a +0 helmet (worn)
 g - a +0 pair of gloves (worn)
 h - a +0 cloak (worn)
Jewellery
 j - a ring of flight (left hand)
Scrolls
 e - a scroll of amnesia {unknown}
 i - 3 scrolls of poison {unknown}
Potions
 f - a potion of attraction {unknown}


   Skills:
 + Level 2.3 Fighting
 + Level 2.3 Throwing
 + Level 2.8 Dodging
 + Level 3.5 Unarmed Combat


You had 2 spell levels left.
You didn't know any spells.
Your spell library contained the following spells:

 Spells                   Type           Power      Damage    Failure   Level
 Cigotuvi's Dreadful Rot  Necr/Pois/Air  0%         N/A       61%         2
 Poisonous Vapours        Pois/Air       0%         N/A       61%         2
 Mephitic Cloud           Conj/Pois/Air  0%         N/A       83%         3


Dungeon Overview and Level Annotations

Branches:
Dungeon (2/15)

Altars:


Innate Abilities, Weirdness & Mutations

You have extremely sharp teeth.
When hurt, damage is shared between your health and your magic reserves.
Your bite disrupts and absorbs the magic of your enemies.
Potions cannot restore your health.


Message History

You now have 79 gold pieces (gained 13).
Unknown command.
You see here a ball python corpse.
There is an open door here.
A sleepcap comes into view.
Found a knobbly bone ring.
A sleepcap is nearby!
Unknown command.
Found an escape hatch in the ceiling.
You hit the sleepcap.
The sleepcap is lightly damaged.
You hit the sleepcap. You bite the sleepcap. You drain its power.
The sleepcap is heavily damaged.
The sleepcap closely misses you.
You hit the sleepcap but do no damage.
The sleepcap is heavily damaged.
The sleepcap releases spores at you but does no damage.
You hit the sleepcap but do no damage. You bite the sleepcap.
You drain its power.
The sleepcap is heavily damaged.
The sleepcap completely misses you.
You hit the sleepcap but do no damage.
The sleepcap is heavily damaged.
The sleepcap completely misses you.
You hit the sleepcap.
The sleepcap is severely damaged.
The sleepcap releases spores at you.
You are engulfed in a cloud of soporific spores!
You fall asleep.
The sleepcap releases spores at you!!
You wake up.
Ouch! That really hurt!
* * * LOW HITPOINT WARNING * * *
You hit the sleepcap.
The sleepcap is severely damaged.
The sleepcap barely misses you.
You hit the sleepcap but do no damage.
You bite the sleepcap, but do no damage.
The sleepcap is severely damaged.
The sleepcap releases spores at you.
You die...

#.......†.†<..#...)........
#.......†#.#.[....##.#.####
#........#.##.#.#....#.#
#........#....#......#.####
##(.....#############......
##....##...........'......
#######.###########......
#........#########.....
#.....@..##.........###
#.....f..##.........#
#.......=##......)..#
#........##.........#
#........##.........#
#........###.###'#'##
#......<.# #.# #.#.#
#........# #†# #.#.#
#.###.#.#


You could see a sleepcap.

Vanquished Creatures
  An adder (D:2)
  A dart slug (D:1)
  3 bats
  2 endoplasms
  10 giant cockroaches
  4 goblins (D:1)
  3 hobgoblins (D:1)
  A quokka (D:1)
  6 ball pythons
  4 kobolds
  3 rats (D:1)
38 creatures vanquished.

Notes
Turn   | Place    | Note
-------+----------+-------------------------------------------
     0 | D:1      | Zonian the Vine Stalker Gladiator began the quest for the
                  | Orb.
     0 | D:1      | Reached XP level 1. HP: 11/11 MP: 2/2
    92 | D:1      | Reached XP level 2. HP: 9/15 MP: 3/3
   338 | D:1      | Found a faded altar of an unknown god.
   471 | D:1      | Reached XP level 3. HP: 16/18 MP: 4/4
  1014 | D:2      | Slain by a sleepcap

Illustrated notes

Levels and vault maps discovered:
D:1:      dpeg_arrival_court, layout_basic, dreamdust_ecumenical_altar_statues,
          minmay_misc_feat_columns
D:2:      minmay_roachtagon, layout_basic

Skill      XL: |  1 |
---------------+----+-----
Fighting       | 2 |  2.3
Throwing       | 2 |  2.3
Dodging        | |  2.8
Unarmed Combat | |  3.5

Action                     || total
---------------------------++-------
  Melee: Unarmed           ||   103
         Bite              ||    23
         Punch             ||     1
   Stab: Sleeping          ||     2
 Armour: Leather armour    ||    35
  Dodge: Dodged            ||    69

Table legend: (Time is in decaauts)
 A = Elapsed time spent in this place.
 B = Non-inter-level travel time spent in this place.
 C = Inter-level travel time spent in this place.
 D = Time resting spent in this place.
 E = Time spent auto-exploring this place.
 F = Levels seen in this place.
 G = Mean time per level.
                   A        B        C        D        E       F      G
               +--------+--------+--------+--------+--------+-----+--------+
         Total |   1007 |    997 |     10 |    129 |    606 |   2 |  503.5 |
       Dungeon |   1007 |    997 |     10 |    129 |    606 |   2 |  503.5 |
               +--------+--------+--------+--------+--------+-----+--------+

Top non-repeatable levels by time:
     D:1: 843 daAuts
     D:2: 164 daAuts
